 Dungeon Crawl Stone Soup version 0.22.0 (webtiles) character file.

70 Kirk the Magician (level 4, 30/30 HPs)
             Began as a Demonspawn Wizard on Aug 12, 2018.
             Quit the game on level 2 of the Dungeon.
             The game lasted 00:03:49 (2093 turns).

Kirk the Magician (Demonspawn Wizard)               Turns: 2093, Time: 00:03:50

Health: 30/30      AC:  4    Str:  7    XL:     4   Next: 4%
Magic:  0/10       EV: 12    Int: 20    God:
Gold:   24         SH:  0    Dex: 12    Spells: 10/11 levels left

rFire    . . .     SeeInvis .   f - +0 dagger
rCold    . . .     Gourm    .   (no shield)
rNeg     . . .     Faith    .   a - +0 robe
rPois    .         Spirit   .   b - +0 hat
rElec    .         Reflect  .   (no cloak)
rCorr    .         Harm     .   (no gloves)
MR       .....                  (no boots)
Stlth    ++........             (no amulet)
HPRegen  0.10/turn              (no ring)
MPRegen  0.12/turn              (no ring)

@: no status effects
A: slimy green scales 1, rot immunity
a: no special abilities


You were on level 2 of the Dungeon.
You were hungry.

You visited 1 branch of the dungeon, and saw 2 of its levels.

You collected 24 gold pieces.

Inventory:

Hand Weapons
 f - a +0 dagger (weapon)
Armour
 a - a +0 robe (worn)
 b - a +0 hat (worn)
Scrolls
 e - a scroll of fear {unknown}
 g - a scroll of fog {unknown}
Potions
 c - 2 potions of curing {unknown}
Comestibles
 d - 2 rations


   Skills:
 + Level 0.1 Short Blades
 - Level 1.7 Dodging
 - Level 1.7 Stealth
 + Level 4.1 Spellcasting
 * Level 2.4 Conjurations
   Level 1.0 Summonings
   Level 0.8 Translocations


You had 10 spell levels left.
You knew the following spells:

 Your Spells              Type           Power        Failure   Level  Hunger
a - Magic Dart            Conj           ##..         4%          1    None

Your spell library contained the following spells:

 Spells                   Type           Power        Failure   Level  Hunger
 Conjure Flame            Conj/Fire      #.......     22%         3    ###....
 Slow                     Hex            #.......     19%         2    #......
 Mephitic Cloud           Conj/Pois/Air  #.......     26%         3    ###....
 Blink                    Tloc           N/A          14%         2    #......
 Call Imp                 Summ           #.......     13%         2    #......


Dungeon Overview and Level Annotations

Branches:
Dungeon (2/15)

Altars:


Innate Abilities, Weirdness & Mutations

You are partially covered in slimy green scales. (AC +2)
You are immune to rotting.


Message History

The magic dart hits the worm.
The worm is almost dead.
Unknown command.
Unknown command.
Casting: Magic Dart (safe; 4% risk of failure)
Confirm with . or Enter, or press ? or * to list all spells.
You don't have enough magic to cast that spell.
Unknown command.
You hit the worm.
The worm is almost dead.
The worm completely misses you.
You barely miss the worm.
The worm is almost dead.
You are feeling hungry.
You hit the worm.
You kill the worm!
You have reached level 4!
You feel agile.
Your demonic ancestry asserts itself...
You feel immune to rotting.
Are you sure you want to abandon this character and quit the game? (Confirm with "yes".)

≈≈≈ #............... #.g
≈≈≈≈ #######.#.#.#>#.##..
≈≈≈≈.. #.########...#
≈≈≈... ####......<.g..##
≈≈≈...#####....#........##
PP...........#.#......###
P.....................#####
.........÷.....#...........
w.........@...##......#####
........###...........#
............####.....<#
......####### #......#
..$... ######## ...). .....
..#. ..#.


There were no monsters in sight!

Vanquished Creatures
  An adder (D:2)
  A gnoll (D:1)
  2 worms (D:2)
  A dart slug (D:1)
  2 leopard geckos (D:1)
  2 ball pythons (D:1)
  5 bats
  A giant cockroach (D:1)
  3 goblins
  7 hobgoblins
  2 jackals (D:1)
  5 kobolds
  5 frilled lizards (D:1)
  3 rats
40 creatures vanquished.

Notes
Turn   | Place    | Note
-------+----------+-------------------------------------------
     0 | D:1      | Kirk the Demonspawn Wizard began the quest for the Orb.
     0 | D:1      | Reached XP level 1. HP: 13/13 MP: 4/4
   227 | D:1      | Gained mutation: You are partially covered in slimy green scales. (AC +2) [demonic ancestry]
   227 | D:1      | Reached XP level 2. HP: 19/19 MP: 0/6
   780 | D:1      | Reached XP level 3. HP: 24/24 MP: 2/8
  1631 | D:2      | Reached skill level 4 in Spellcasting
  1733 | D:1      | HP: 1/24 [gnoll/whip (3)]
  2092 | D:2      | Gained mutation: You are immune to rotting. [demonic ancestry]
  2092 | D:2      | Reached XP level 4. HP: 30/30 MP: 0/10
  2093 | D:2      | Quit the game

Skill      XL: |  1  2  3 |
---------------+----------+-----
Conjurations   | 2 |  2.4
Spellcasting   | 4 |  4.1
Short Blades   | |  0.1
Dodging        | |  1.7
Stealth        | |  1.7
Summonings     | |  1.0
Translocations | |  0.8

Action                   |  1- 3 |  4- 6 || total
-------------------------+-------+-------++-------
Melee: Club              |    17 |       ||    17
       Dagger            |    20 |       ||    20
 Cast: Magic Dart        |   116 |       ||   116
  Use: Scroll            |     1 |       ||     1
  Eat: Chunk             |     3 |       ||     3
Armor: Robe              |    17 |       ||    17
Dodge: Dodged            |    35 |       ||    35
